 Dungeon Crawl Stone Soup version 0.21-a0-507-ga8f6b7a (webtiles) character file.

69 slep the Skirmisher (level 4, -2/35 HPs)
             Began as a Demonspawn Monk on Nov 28, 2017.
             Slain by Natasha (3 damage)
             ... on level 2 of the Dungeon.
             The game lasted 00:04:20 (1044 turns).

slep the Skirmisher (Demonspawn Monk)               Turns: 1044, Time: 00:04:21

Health: -2/35      AC:  5    Str: 12    XL:     4   Next: 2%
Magic:  0/4        EV: 12    Int: 12    God:
Gold:   83         SH:  0    Dex: 15    Spells: 3/3 levels left

rFire    . . .     SeeInvis .   a - +0 spear
rCold    . . .     Gourm    .   (no shield)
rNeg     . . .     Faith    .   h - +0 ring mail
rPois    .         Spirit   +   (no helmet)
rElec    .         Reflect  .   (no cloak)
rCorr    .         Harm     .   (no gloves)
MR       .....                  (no boots)
Stlth    +.........             (no amulet)
HPRegen  0.11/turn              (no ring)
MPRegen  0.18/turn              (no ring)

@: no status effects
A: claws 1, magic shield, magic regeneration
a: no special abilities


You were on level 2 of the Dungeon.
You were hungry.

You visited 1 branch of the dungeon, and saw 2 of its levels.

You collected 83 gold pieces.

Inventory:

Hand Weapons
 a - a +0 spear (weapon)
Missiles
 e - 5 poisoned tomahawks (quivered)
Armour
 b - a +0 robe
 h - a +0 ring mail (worn)
Scrolls
 f - 2 scrolls of enchant armour {unknown}
 i - a scroll of remove curse {unknown}
 l - a scroll of magic mapping {unknown}
 n - a scroll of blinking {unknown}
 o - a scroll of teleportation {unknown}
Potions
 d - a potion of heal wounds {unknown}
 j - a potion of lignification {unknown}
 m - a potion of haste {unknown}
Comestibles
 c - 3 bread rations
 g - a royal jelly


   Skills:
 + Level 3.5 Fighting
 + Level 3.4 Polearms
 + Level 0.3 Armour
 + Level 3.1 Dodging
 + Level 2.1 Stealth


You had 3 spell levels left.
You didn't know any spells.

Dungeon Overview and Level Annotations

Branches:
Dungeon (2/15)

Altars:

Annotations:
D:2 Natasha


Innate Abilities, Weirdness & Mutations

You have sharp fingernails.
When hurt, damage is shared between your health and your magic reserves.
You regenerate magic rapidly.


Message History

You hit Natasha.
Natasha is moderately wounded.
The rat closely misses you.
You barely miss Natasha.
Natasha is moderately wounded.
Natasha misses you. The rat misses you.
You hit Natasha.
Natasha is heavily wounded.
Natasha claws you.
* * * LOW HITPOINT WARNING * * *
The rat misses you.
You hit Natasha.
Natasha is severely wounded.
Natasha claws you.
* * * LOW HITPOINT WARNING * * *
The rat barely misses you.
You hit Natasha but do no damage.
Natasha is severely wounded.
Natasha claws you.
You die...

#.#
#.########...).......
#.######.## ###....#####
#.##......# #....# #..
#.........##############
#.. ####........(......
#.. #####...............
#.. #................?..
#.. #.###.....$.........
#.. #.......@h...... #..
#.......r....... ###
#######.........
#......... #.........
#......... ##........
.........


You could see Natasha and a rat.

Vanquished Creatures
  4 adders (D:2)
  An ooze (D:1)
  A worm (D:2)
  2 dart slugs (D:1)
  A giant cockroach (D:1)
  5 hobgoblins
  2 bats
  3 frilled lizards
  A goblin (D:1)
  2 kobolds (D:1)
  2 rats
24 creatures vanquished.

Notes
Turn   | Place    | Note
-------+----------+-------------------------------------------
     0 | D:1      | slep the Demonspawn Monk began the quest for the Orb.
     0 | D:1      | Reached XP level 1. HP: 18/18 MP: 1/1
   225 | D:1      | Gained mutation: When hurt, damage is shared between your health and your magic reserves. [demonic ancestry]
   225 | D:1      | Reached XP level 2. HP: 8/24 MP: 2/2
   692 | D:2      | Gained mutation: You regenerate magic rapidly. [demonic ancestry]
   692 | D:2      | Reached XP level 3. HP: 13/29 MP: 3/3
   981 | D:2      | Gained mutation: You have sharp fingernails. [demonic ancestry]
   981 | D:2      | Reached XP level 4. HP: 29/35 MP: 4/4
  1024 | D:2      | Noticed Natasha
  1043 | D:2      | HP: 1/35 [Natasha (1)]
  1044 | D:2      | Slain by Natasha

Vault maps used:
D:1:      matt_arrival_grand_opening
D:2:      uniq_natasha

Skill      XL: |  1  2  3 |
---------------+----------+-----
Polearms       | 3 |  3.4
Dodging        | 3 |  3.1
Stealth        | 2 |  2.1
Fighting       | |  3.5
Armour         | |  0.3

Action                   |  1- 3 |  4- 6 || total
-------------------------+-------+-------++-------
Melee: Spear             |   122 |    18 ||   140
Throw: Tomahawk          |     1 |       ||     1
 Stab: Sleeping          |     3 |       ||     3
Armor: Robe              |     7 |       ||     7
       Ring mail         |    23 |     2 ||    25
Dodge: Dodged            |    59 |     9 ||    68

Table legend:
 A = Spawn XP
 B = Non-spawn XP
 C = Spawn XP percentage of total XP
 D = Spawn monster count
 E = Non-spawn monster count
 F = Spawn count percentage of total count
 G = Total turns spent on level
                    A         B        C        D         E        F      G
               +---------+---------+-------+---------+---------+-------+---------
         Total |       0 |      99 |   0.0 |       0 |      24 |   0.0 |  1044
               +---------+---------+-------+---------+---------+-------+---------
           D:1 |       0 |      32 |   0.0 |       0 |      14 |   0.0 |   662
           D:2 |       0 |      67 |   0.0 |       0 |      10 |   0.0 |   382
               +---------+---------+-------+---------+---------+-------+---------
